 Dungeon Crawl Stone Soup version 0.22-a0-278-g8f80174 (webtiles) character file.

6 tidbits the Insei (level 1, 7/17 HPs)
             Began as a Gnoll Transmuter on Mar 16, 2018.
             Quit the game on level 3 of the Dungeon.
             The game lasted 00:02:35 (325 turns).

tidbits the Insei (Gnoll Transmuter)                 Turns: 325, Time: 00:02:35

Health: 7/17       AC:  2    Str: 12    XL:     1   Next: 90%
Magic:  6/6        EV: 14    Int: 15    God:
Gold:   47         SH:  0    Dex: 15    Spells: 8/9 levels left

rFire    . . .     SeeInvis .     - Unarmed
rCold    . . .     Gourm    .   (no shield)
rNeg     . . .     Faith    .   b - +0 robe
rPois    .         Spirit   .   (no helmet)
rElec    .         Reflect  .   (no cloak)
rCorr    .         Harm     .   (no gloves)
MR       .....                  (boots currently unavailable)
Stlth    +.........             (no amulet)
HPRegen  0.05/turn              (no ring)
MPRegen  0.10/turn              (no ring)

@: lethally poisoned (7 -> -1), appendage
A: distributed training, fangs 1, talons 3, strong nose
a: End Transformation


You were on level 3 of the Dungeon.
You were not hungry.
You had grown temporary talons.
You visited 1 branch of the dungeon, and saw 3 of its levels.

You collected 47 gold pieces.

Inventory:

Hand Weapons
 l - a +0 dagger
Missiles
 a - 12 arrows
 e - 15 stones (quivered)
Armour
 b - a +0 robe (worn)
 g - a +0 ring mail
Scrolls
 c - 2 scrolls of random uselessness {unknown}
 f - a scroll of remove curse {unknown}
 h - a scroll of teleportation {unknown}
 i - a scroll of enchant armour {unknown}
 m - a scroll of magic mapping {unknown}
Potions
 j - a potion of might {unknown}
 k - a potion of agility {unknown}
Comestibles
 d - 2 rations


   Skills:
 + Level 2.4 Fighting
 + Level 0.1 Short Blades
 + Level 0.1 Long Blades
 + Level 0.1 Axes
 + Level 0.1 Maces & Flails
 + Level 0.1 Polearms
 + Level 0.1 Staves
 + Level 0.1 Slings
 + Level 0.1 Bows
 + Level 0.1 Crossbows
 + Level 0.1 Throwing
 + Level 0.1 Armour
 + Level 4.4 Dodging
 + Level 0.1 Stealth
 + Level 0.1 Shields
 + Level 6.4 Unarmed Combat
 + Level 4.9 Spellcasting
 + Level 0.1 Conjurations
 + Level 0.1 Hexes
 + Level 0.1 Charms
 + Level 0.1 Summonings
 + Level 0.1 Necromancy
 + Level 0.1 Translocations
 + Level 3.6 Transmutations
 + Level 0.1 Fire Magic
 + Level 0.1 Ice Magic
 + Level 0.1 Air Magic
 + Level 0.1 Earth Magic
 + Level 0.1 Poison Magic
 + Level 0.2 Invocations
 + Level 0.1 Evocations


You had 8 spell levels left.
You knew the following spells:

 Your Spells              Type           Power        Failure   Level  Hunger
e - Beastly Appendage     Tmut           ##....       3%          1    None


Dungeon Overview and Level Annotations

Branches:
Dungeon (3/15)

Altars:
Okawaru

Annotations:
D:3 p0werm0de's ghost, amateur OpWn


Innate Abilities, Weirdness & Mutations

Your experience applies equally to all skills.
You have very sharp teeth.
Your uncanny sense of smell can sniff out nearby items.
You have claws for feet.


Message History

You hit the bat.
You kill the bat!
You see here a ring mail.
You see here a grey potion.
k - a grey potion Your transformation is almost over.
Found a leather armour.
Found a dagger.
Found a dagger.
A goblin comes into view.
Your talons disappear.
The goblin shouts!
A rat comes into view.
Casting: Beastly Appendage (safe; 3% risk of failure)
Confirm with . or Enter, or press ? or * to list all spells.
You grow a pair of large bovine horns.
You hit the goblin but do no damage. The goblin barely misses you.
You barely miss the goblin. The goblin closely misses you.
You closely miss the goblin. The goblin closely misses you.
You punch the goblin!
You kill the goblin!
You hit the rat.
You kill the rat!
You see here 14 gold pieces.
You now have 47 gold pieces (gained 14).
Your transformation is almost over.
A bat comes into view.
The bat moves out of view.
You see here a goblin corpse.
You see here a dagger.
Unknown command.
l - a dagger
Found a scroll labeled APNIPRULIA.
Your horns disappear.
Found a ration.
Casting: Beastly Appendage (safe; 3% risk of failure)
Confirm with . or Enter, or press ? or * to list all spells.
You grow a pair of large bovine horns.
The bat closely misses you. The bat hits you but does no damage. x2
The bat closely misses you. The bat barely misses you.
You see here a scroll labeled APNIPRULIA.
m - a scroll labeled APNIPRULIA The bat misses you.
You miss the bat. You bite the bat, but do no damage.
The bat hits you but does no damage.
You hit the bat. Your bite misses the bat.
The bat is moderately wounded.
The bat misses you. The bat closely misses you. The bat hits you.
You punch the bat!
You kill the bat!
Your transformation is almost over.
You enter a teleport trap!
The teleport trap disappears.
Your surroundings suddenly seem different.
An adder and a player ghost come into view.
Your horns disappear.
You open the door.
Found an iron altar of Okawaru.
There is an open door here.
There is an iron altar of Okawaru here.
You open the door.
There is an open door here.
A kobold comes into view.
It is wielding a short sword of protection.
Found 13 gold pieces.
Casting: Beastly Appendage (safe; 3% risk of failure)
Confirm with . or Enter, or press ? or * to list all spells.
Your feet morph into talons.
The kobold unwields an uncursed short sword of protection.
The kobold wields a blowgun.
The kobold shoots a poisoned needle.
The poisoned needle misses you.
An adder comes into view.
The kobold shoots a poisoned needle.
The poisoned needle misses you.
Found 14 gold pieces.
The kobold shoots a poisoned needle.
The poisoned needle closely misses you.
The kobold shoots a poisoned needle.
The poisoned needle misses you.
Found a ration.
A kobold comes into view. It is wielding a short sword.
The kobold unwields an uncursed blowgun.
The kobold wields an uncursed short sword of protection.
The kobold barely misses you. The adder misses you.
You closely miss the kobold. Your kick misses the kobold.
The kobold shouts!
The adder closely misses you.
The kobold hits you with an uncursed short sword of protection.
You closely miss the adder. The adder barely misses you.
The kobold hits you with an uncursed short sword of protection.
You completely miss the adder. The adder bites you.
You are poisoned.
The adder poisons you!
The kobold hits you with an uncursed short sword of protection.
The adder closely misses you.
You closely miss the adder. You bite the adder, but do no damage.
* * * LOW HITPOINT WARNING * * *
You feel sick. The adder bites you.
* * * LOW HITPOINT WARNING * * *
The kobold closely misses you.
Are you sure you want to abandon this character and quit the game? (Confirm with "yes".)

##.# ∆ .... ###..# #%..
..... .###... ..... ##
.......###. ..# .#
.......... #.# .#
.........# #.### .#
......KS.####...##.###.#
.......@...#.....#......
.......$.%........##
.....K.............#
...$...............#
...................###
...#.................#
...#......###(###..#.##
.. #......# #.# #.....##
##.....###'###.##.)..


You could see an adder and 2 kobolds.

Vanquished Creatures
  A leopard gecko (D:1)
  A goblin (D:3)
  2 bats (D:3)
  A rat (D:3)
5 creatures vanquished.

Notes
Turn   | Place    | Note
-------+----------+-------------------------------------------
     0 | D:1      | tidbits the Gnoll Transmuter began the quest for the Orb.
     0 | D:1      | Reached XP level 1. HP: 17/17 MP: 6/6
   300 | D:3      | Noticed p0werm0de's ghost (amateur OpWn)
   307 | D:3      | Found an iron altar of Okawaru.
   325 | D:3      | Quit the game

Vault maps used:
D:1:      dpeg_arrival_three_same_balls
D:2:      lemuel_blue_sif_altar, nicolae_overflow_crystal_walls,
          okawaru_altar_gauntlet_db
D:3:      cheibrodos_greedy_goblins, lemuel_doored_altar, dk_xom_monty_hall

Action                   || total
-------------------------++-------
Melee: Unarmed           ||    20
       Bite              ||     2
 Cast: Beastly Appendage ||     5
Armor: Robe              ||     5
Dodge: Dodged            ||    24

Table legend:
 A = Spawn XP
 B = Non-spawn XP
 C = Spawn XP percentage of total XP
 D = Spawn monster count
 E = Non-spawn monster count
 F = Spawn count percentage of total count
 G = Total turns spent on level
                    A         B        C        D         E        F      G
               +---------+---------+-------+---------+---------+-------+---------
         Total |       0 |       9 |   0.0 |       0 |       5 |   0.0 |   325
               +---------+---------+-------+---------+---------+-------+---------
           D:1 |       0 |       3 |   0.0 |       0 |       1 |   0.0 |   222
           D:3 |       0 |       6 |   0.0 |       0 |       4 |   0.0 |    86
               +---------+---------+-------+---------+---------+-------+---------

Table legend:
 A = Turns spent in this place as a percentage of turns spent in the entire game.
 B = Non-inter-level travel turns spent in this place as a percentage of non-inter-level travel turns spent in the entire game.
 C = Inter-level travel turns spent in this place as a percentage of turns spent in this place.
 D = Turns resting spent in this place as a percentage of non-inter-level travel turns spent in this place.
 E = Turns spent auto-exploring this place as a percentage of non-inter-level travel turns spent in this place.
 F = Non-inter-level travel turns spent in this place divided by the number of levels of this place that you've seen.
                   A       B       C       D       E      F
               +-------+-------+-------+-------+-------+----------------------
         Total | 100.0 | 100.0 |   0.0 |   0.0 |   0.0 | 108.3
       Dungeon | 100.0 | 100.0 |   0.0 |   0.0 |   0.0 | 108.3
               +-------+-------+-------+-------+-------+----------------------

Table legend:
 A = Kills in this place as a percentage of kills in entire the game.
 B = Kills by you in this place as a percentage of kills by you in the entire game.
 C = Kills by friends in this place as a percentage of kills by friends in the entire game.
 D = Other kills in this place as a percentage of other kills in the entire game.
 E = Experience gained in this place as a percentage of experience gained in the entire game.
 F = Experience gained in this place divided by the number of levels of this place that you have seen.
                   A       B       C       D       E      F
               +-------+-------+-------+-------+-------+----------------------
         Total | 100.0 | 100.0 |   N/A |   N/A | 100.0 |   3.0
       Dungeon | 100.0 | 100.0 |   N/A |   N/A | 100.0 |   3.0
               +-------+-------+-------+-------+-------+----------------------

Vault maps used:
D:1:      dpeg_arrival_three_same_balls
D:2:      lemuel_blue_sif_altar, nicolae_overflow_crystal_walls,
          okawaru_altar_gauntlet_db
D:3:      cheibrodos_greedy_goblins, lemuel_doored_altar, dk_xom_monty_hall
